 Dungeon Crawl Stone Soup version 0.27-a0-978-g2aa4ecdaef (webtiles) character file.

Game seed: 17068592074581072276

201 tardwrangler69 the Chiller (level 5, -14/38 HPs)
             Began as a Draconian Ice Elementalist on Apr 14, 2021.
             Demolished by an ogre
             ... wielding a +0 giant club
              (23 damage)
             ... on level 4 of the Dungeon.
             The game lasted 00:02:27 (3330 turns).

tardwrangler69 the Chiller (DrIE)                   Turns: 3330, Time: 00:02:27

Health: -14/38     AC: 11    Str: 10    XL:     5   Next: 50%
Magic:  4/10       EV: 12    Int: 17    God:
Gold:   113        SH:  0    Dex: 11    Spells: 3/10 levels left

rFire    . . .     SeeInvis .   a - +0 spear
rCold    . . .     Faith    .   (no shield)
rNeg     . . .     Spirit   .   (armour unavailable)
rPois    .         Reflect  .   (helmet restricted)
rElec    .         Harm     .   (no cloak)
rCorr    .         Rampage  .   (no gloves)
Will     .....                  (no boots)
Stlth    ++........             (no amulet)
HPRegen  0.12/turn              e - ring of wizardry
MPRegen  0.12/turn              (no ring)

@: ice-armoured, freezing walls
A: AC +5, unfitting armour, cold-blooded
a: no special abilities


You were on level 4 of the Dungeon.
You visited 1 branch of the dungeon, and saw 4 of its levels.

You collected 113 gold pieces.

Inventory:

Hand Weapons
 a - a +0 spear (weapon)
Missiles
 c - 29 stones
 p - a throwing net
Jewellery
 e - a ring of wizardry (left hand)
 j - a +6 ring of strength
Wands
 n - a wand of polymorph (6)
Scrolls
 b - a scroll of teleportation {unknown}
 h - a scroll of silence {unknown}
 i - a scroll of vulnerability {unknown}
 l - a scroll of holy word {unknown}
 m - a scroll of amnesia {unknown}
Potions
 d - 2 potions of heal wounds {unknown}
 f - a potion of degeneration {unknown}
 g - a potion of curing {unknown}
 k - 3 potions of brilliance {unknown}
 o - a potion of lignification {unknown}


   Skills:
 - Level 1.7 Dodging
 - Level 1.7 Stealth
 + Level 3.4 Spellcasting
 * Level 6.1 Ice Magic


You had 3 spell levels left.
You knew the following spells:

 Your Spells              Type           Power      Damage    Failure   Level
a - Freeze                Ice            92%        1d10      1%          1
b - Frozen Ramparts       Ice            46%        1d6       1%          3
c - Ozocubu's Armour      Ice            23%        N/A       1%          3

Your spell library contained the following spells:

 Spells                   Type           Power      Damage    Failure   Level
 Hailstorm                Conj/Ice       13%        3d5       19%         4
 Metabolic Englaciation   Hex/Ice        6%         N/A       45%         5


Dungeon Overview and Level Annotations

Branches:
Dungeon (4/15)
 Temple: D:4-7

Altars:
Trog
Wu Jian


Innate Abilities, Weirdness & Mutations

Your plain brown scales are hard. (AC +5)
You cannot fit into any form of body armour.
You are cold-blooded and may be slowed by cold attacks.


Message History

You destroy the hound skeleton!
No target in view!
No target in view!
No target in view!
No target in view!
HP restored.
Found a leather armour.
Found a stone staircase leading down.
You see here a +0 leather armour.
An ogre comes into view. It is wielding a +0 giant club.
The ogre shouts!
An ogre is nearby!
An ogre is nearby!
An ogre is nearby!
Casting: Ozocubu's Armour (safe; 1% risk of failure)
Confirm with . or Enter, or press ? or * to list all spells.
Casting: Frozen Ramparts (safe; 1% risk of failure)
Press: ? - help, Dir - look around, f - activate The walls around you are covered in ice.
A ball python comes into view.
Casting: Frozen Ramparts (safe; 1% risk of failure)
Confirm with . or Enter, or press ? or * to list all spells.
A film of ice covers your body!
The ball python hisses angrily.
You reach to attack!
You barely miss the ogre.
The wall freezes the ogre.
You hit the ogre.
The ogre is moderately wounded.
The wall freezes the ogre.
The ogre hits you with a +0 giant club!!
Ouch! That really hurt!
* * * LOW HITPOINT WARNING * * *
You are too injured to fight recklessly!
You are too injured to fight recklessly!
You hit the ogre. You tail-slap the ogre.
The ogre is severely wounded.
The wall freezes the ball python.
You kill the ball python!
The wall freezes the ogre.
The ogre hits you with a +0 giant club!!
Ouch! That really hurt!
You die...

### #....##....
#####..........
#...........##.
#.......#..###[
##.......#..##.>
#........#..##.#
##..............#
##...............#
#@.......#####...#
......O........# #....
...............### #....
...$........#....###..##
#########.##.........##
##..........###
♣♣♣##........##...##
)♣..........####.....
♣...........# ##.....


You could see an ogre.

Vanquished Creatures
  A water moccasin (D:3)
  A hound skeleton (D:4)
  An adder (D:2)
  A worm (D:2)
  A dart slug (D:2)
  11 orcs (D:3)
  9 endoplasms
  3 goblins
  2 hobgoblins (D:2)
  3 jackals (D:3)
  3 kobolds
  3 quokkas
  12 ball pythons
  A bat (D:1)
  3 frilled lizards
  2 rats
57 creatures vanquished.

Vanquished Creatures (others)
  2 plants (D:2)
2 creatures vanquished.

Grand Total: 59 creatures vanquished

Notes
Turn   | Place    | Note
-------+----------+-------------------------------------------
     0 | D:1      | tardwrangler69 the Draconian Ice Elementalist began the
                  | quest for the Orb.
     0 | D:1      | Reached XP level 1. HP: 14/14 MP: 3/3
   345 | D:1      | Reached XP level 2. HP: 20/20 MP: 5/5
  1386 | D:2      | Reached XP level 3. HP: 26/26 MP: 6/6
  1390 | D:2      | Learned a level 3 spell: Frozen Ramparts
  1955 | D:2      | Reached skill level 5 in Ice Magic
  2310 | D:2      | Learned a level 3 spell: Ozocubu's Armour
  2333 | D:3      | Noticed a water moccasin
  2339 | D:3      | Killed a water moccasin
  2340 | D:3      | Reached XP level 4. HP: 23/33 MP: 3/8
  2340 | D:3      | Reached XP level 5. HP: 26/38 MP: 3/9
  2617 | D:3      | Found a bloodstained altar of Trog.
  2777 | D:3      | Reached skill level 6 in Ice Magic
  3123 | D:4      | Found an ornate altar of the Wu Jian Council.
  3324 | D:4      | Noticed an ogre
  3330 | D:4      | Demolished by an ogre

Illustrated notes

Levels and vault maps discovered:
D:1:      scummos_arrival_forest, layout_basic, fountainhead
D:2:      layout_basic, chequers_serial_rivers_micro_c, st_stairs_14,
          serial_bayou_pond_c
D:3:      layout_rooms, old_standard_altar, serial_curves, eino_curves_02,
          eino_curves_04, eino_curves_01, minmay_misc_feat_columns,
          amcnicky_mini_pool_small
D:4:      layout_layer_cave, riverfiend_overflow_shadow_ancestor,
          nzn_wu_jian_council_hall, uniq_crazy_yiuf_cottage, uniq_duvessa

Skill      XL: |  1  2  3  4  5 |
---------------+----------------+-----
Ice Magic      | 5 6 |  6.1
Spellcasting   | 3 |  3.4
Dodging        | |  1.7
Stealth        | |  1.7

Action                   |  1- 3 |  4- 6 || total
-------------------------+-------+-------++-------
Melee: Spear             |   104 |    38 ||   142
       Unarmed           |     2 |       ||     2
       Tailslap          |     8 |     6 ||    14
 Cast: Freeze            |     9 |       ||     9
       Frozen Ramparts   |     1 |     4 ||     5
       Ozocubu's Armour  |       |     3 ||     3
 Stab: Sleeping          |     7 |     1 ||     8
Armor: Skin              |    12 |     7 ||    19
Dodge: Dodged            |    49 |    18 ||    67

Table legend: (Time is in decaauts)
 A = Elapsed time spent in this place.
 B = Non-inter-level travel time spent in this place.
 C = Inter-level travel time spent in this place.
 D = Time resting spent in this place.
 E = Time spent auto-exploring this place.
 F = Levels seen in this place.
 G = Mean time per level.
                   A        B        C        D        E       F      G
               +--------+--------+--------+--------+--------+-----+--------+
         Total |   3352 |   3208 |    144 |      0 |   2848 |   4 |  838.0 |
       Dungeon |   3352 |   3208 |    144 |      0 |   2848 |   4 |  838.0 |
               +--------+--------+--------+--------+--------+-----+--------+

Top non-repeatable levels by time:
     D:1: 1370 daAuts
     D:2: 970 daAuts
     D:3: 682 daAuts
     D:4: 328 daAuts
